TOP OF THE 1ST |
Santa Monica Bruins batting - Pitching for San Jose Missions : RHP Luis Ortíz
|
Pitching: RHP Luis Ortíz
|
|
Batting: LHB Francisco Medina
|
0-0: Called Strike 0-1: Ground out 1-3 (Groundball, P)
|
Batting: RHB Alfredo López
|
0-0: Swinging Strike 0-1: Ball 1-1: Swinging Strike 1-2: Strikes out swinging
|
Batting: LHB Sammy Marshall
|
0-0: Called Strike 0-1: Fly out, F7 (Flyball, 7LM)
|
Top of the 1st over - 0 run(s), 0 hit(s), 0 error(s), 0 left on base; Santa Monica 0 - San Jose 0 |
BOTTOM OF THE 1ST |
San Jose Missions batting - Pitching for Santa Monica Bruins : RHP Martín Ortíz
|
Pitching: RHP Martín Ortíz
|
|
Batting: LHB Phil Cantrell
|
0-0: Called Strike 0-1: Swinging Strike 0-2: Ball 1-2: Fly out, F3 (Line Drive, 34S)
|
Batting: RHB Ed Starr
|
0-0: Foul Ball, location: 2F 0-1: Foul Ball, location: 2F 0-2: Ball 1-2: Ball 2-2: Foul Ball, location: 2F 2-2: Ball 3-2: Foul Ball, location: 2F 3-2: SINGLE (Groundball, 34D)
|
Batting: RHB Dale Taylor
|
0-0: Called Strike 0-1: Ball 1-1: Ball 2-1: Called Strike 2-2: 2-RUN HOME RUN (Flyball, 7D), Distance : 391 ft
|
Batting: RHB Bob Orr
|
0-0: Foul Ball, location: 2F 0-1: Ball 1-1: SINGLE (Line Drive, 56)
|
Batting: RHB Chang-geun Kim
|
0-0: Ball 1-0: Ball 2-0: Ball 3-0: Fly out, F6 (Line Drive, 6)
|
Batting: LHB Arturo Rivera
|
0-0: Called Strike 0-1: Ball 1-1: Ball 2-1: Ball 3-1: Called Strike 3-2: Strikes out looking
|
Bottom of the 1st over - 2 run(s), 3 hit(s), 0 error(s), 1 left on base; Santa Monica 0 - San Jose 2 |
TOP OF THE 2ND |
Santa Monica Bruins batting - Pitching for San Jose Missions : RHP Luis Ortíz
|
Batting: RHB Luis Martínez
|
0-0: Ball 1-0: Ball 2-0: Ball 3-0: Called Strike 3-1: Ground out 6-3 (Groundball, 6)
|
Batting: LHB Morgan Wright
|
0-0: Ball 1-0: Called Strike 1-1: Called Strike 1-2: Ball 2-2: Ball 3-2: Strikes out swinging
|
Batting: RHB Johnny Williams
|
0-0: Ball 1-0: Ball 2-0: Foul Ball, location: 2F 2-1: Called Strike 2-2: Strikes out swinging
|
Top of the 2nd over - 0 run(s), 0 hit(s), 0 error(s), 0 left on base; Santa Monica 0 - San Jose 2 |
BOTTOM OF THE 2ND |
San Jose Missions batting - Pitching for Santa Monica Bruins : RHP Martín Ortíz
|
Batting: RHB Jorge Fuentes
|
0-0: Foul Ball, location: 2F 0-1: Ground out 5-3 (Groundball, 56S)
|
Batting: RHB Peter Bishop
|
0-0: Ball 1-0: Ball 2-0: Swinging Strike 2-1: Ball 3-1: Fly out, F9 (Flyball, 9LS)
|
Batting: LHB Wilson Vecino
|
0-0: Fly out, F7 (Flyball, 7D)
|
Bottom of the 2nd over - 0 run(s), 0 hit(s), 0 error(s), 0 left on base; Santa Monica 0 - San Jose 2 |
TOP OF THE 3RD |
Santa Monica Bruins batting - Pitching for San Jose Missions : RHP Luis Ortíz
|
Batting: SHB Adrián Nieto
|
0-0: Foul Ball, location: 2F 0-1: Ball 1-1: Ball 2-1: Ball 3-1: Foul Ball, location: 2F 3-2: SINGLE (Groundball, 6MD)
|
Batting: RHB António López
|
0-0: Called Strike 0-1: Ball 1-1: SINGLE (Groundball, 4S) (infield hit) Adrián Nieto to second
|
Batting: RHB Bonifacio Torres
|
0-0: Ball 1-0: Called Strike 1-1: Ball 2-1: Swinging Strike 2-2: Ball 3-2: Base on Balls Adrián Nieto to third António López to second
|
Batting: LHB Francisco Medina
|
0-0: Ball 1-0: Called Strike 1-1: Ball 2-1: Foul Ball, location: 2F 2-2: Foul Ball, location: 2F 2-2: Strikes out swinging
|
Batting: RHB Alfredo López
|
0-0: Grounds into double play, 4-6-3 (Groundball, 4)
|
Top of the 3rd over - 0 run(s), 2 hit(s), 0 error(s), 2 left on base; Santa Monica 0 - San Jose 2 |
BOTTOM OF THE 3RD |
San Jose Missions batting - Pitching for Santa Monica Bruins : RHP Martín Ortíz
|
Batting: LHB Phil Cantrell
|
0-0: Swinging Strike 0-1: Swinging Strike 0-2: Ball 1-2: Ball 2-2: Foul Ball, location: 2F 2-2: Ball 3-2: Foul Ball, location: 2F 3-2: Base on Balls
|
Batting: RHB Ed Starr
|
0-0: Ball 1-0: Foul Ball, location: 2F 1-1: SINGLE (Line Drive, 8LS) Phil Cantrell to second
|
Batting: RHB Dale Taylor
|
0-0: Called Strike 0-1: Ball 1-1: Foul Ball, location: 2F 1-2: Grounds into double play, 4-6-3 (Groundball, 4) Phil Cantrell to third
|
Batting: RHB Bob Orr
|
0-0: Ball 1-0: Foul Ball, location: 2F 1-1: Ball 2-1: Foul Ball, location: 2F 2-2: Ball 3-2: Strikes out swinging
|
Bottom of the 3rd over - 0 run(s), 1 hit(s), 0 error(s), 1 left on base; Santa Monica 0 - San Jose 2 |
TOP OF THE 4TH |
Santa Monica Bruins batting - Pitching for San Jose Missions : RHP Luis Ortíz
|
Batting: LHB Sammy Marshall
|
0-0: Ball 1-0: Ball 2-0: Called Strike 2-1: SINGLE (Groundball, 4MD)
|
Batting: RHB Luis Martínez
|
0-0: Ball 1-0: Foul Ball, location: 2F 1-1: Ball 2-1: Foul Ball, location: 2F 2-2: Grounds into double play, 6-4-3 (Groundball, 6)
|
Batting: LHB Morgan Wright
|
0-0: Ball 1-0: Swinging Strike 1-1: Ball 2-1: Foul Ball, location: 2F 2-2: DOUBLE (Flyball, 78M)
|
Batting: RHB Johnny Williams
|
0-0: Called Strike 0-1: Ball 1-1: Ground out 5-3 (Groundball, 5)
|
Top of the 4th over - 0 run(s), 2 hit(s), 0 error(s), 1 left on base; Santa Monica 0 - San Jose 2 |
BOTTOM OF THE 4TH |
San Jose Missions batting - Pitching for Santa Monica Bruins : RHP Martín Ortíz
|
Batting: RHB Chang-geun Kim
|
0-0: Ground out 5-3 (Groundball, 56)
|
Batting: LHB Arturo Rivera
|
0-0: Called Strike 0-1: SINGLE (Groundball, 4MD)
|
Batting: RHB Jorge Fuentes
|
0-0: Called Strike 0-1: Grounds into double play, 4-6-3 (Groundball, 4)
|
Bottom of the 4th over - 0 run(s), 1 hit(s), 0 error(s), 0 left on base; Santa Monica 0 - San Jose 2 |
TOP OF THE 5TH |
Santa Monica Bruins batting - Pitching for San Jose Missions : RHP Luis Ortíz
|
Batting: SHB Adrián Nieto
|
0-0: Called Strike 0-1: Foul Ball, location: 2F 0-2: Ground out 5-3 (Groundball, 56S)
|
Batting: RHB António López
|
0-0: Called Strike 0-1: Ball 1-1: Ball 2-1: Ball 3-1: Fly out, F6 (Popup, 6D)
|
Batting: RHB Bonifacio Torres
|
0-0: SOLO HOME RUN (Line Drive, 7D), Distance : 399 ft
|
Batting: LHB Francisco Medina
|
0-0: DOUBLE (Flyball, 89M)
|
Batting: RHB Alfredo López
|
0-0: Ball Wild Pitch! Francisco Medina to third 1-0: Called Strike 1-1: Foul Ball, location: 2F 1-2: Strikes out swinging
|
Top of the 5th over - 1 run(s), 2 hit(s), 0 error(s), 1 left on base; Santa Monica 1 - San Jose 2 |
BOTTOM OF THE 5TH |
San Jose Missions batting - Pitching for Santa Monica Bruins : RHP Martín Ortíz
|
Batting: RHB Peter Bishop
|
0-0: Called Strike 0-1: Swinging Strike 0-2: Ground out 5-3 (Groundball, 56S)
|
Batting: LHB Wilson Vecino
|
0-0: Ball 1-0: Foul Ball, location: 2F 1-1: Swinging Strike 1-2: Ball 2-2: Ground out 4-3 (Groundball, 34)
|
Batting: LHB Phil Cantrell
|
0-0: Ground out 3-1 (Groundball, 34)
|
Bottom of the 5th over - 0 run(s), 0 hit(s), 0 error(s), 0 left on base; Santa Monica 1 - San Jose 2 |
TOP OF THE 6TH |
Santa Monica Bruins batting - Pitching for San Jose Missions : RHP Luis Ortíz
|
Batting: LHB Sammy Marshall
|
0-0: Foul Ball, location: 2F 0-1: SOLO HOME RUN (Line Drive, 89XD), Distance : 440 ft
|
Batting: RHB Luis Martínez
|
0-0: Called Strike 0-1: Ball 1-1: Ball 2-1: Ground out 4-3 (Groundball, 4M)
|
Batting: LHB Morgan Wright
|
0-0: Ball 1-0: Ball 2-0: Called Strike 2-1: Foul Ball, location: 2F 2-2: Ball 3-2: Ground out U3 (Groundball, 34)
|
Batting: RHB Johnny Williams
|
0-0: Ball 1-0: Fly out, F9 (Flyball, 9LS)
|
Top of the 6th over - 1 run(s), 1 hit(s), 0 error(s), 0 left on base; Santa Monica 2 - San Jose 2 |
BOTTOM OF THE 6TH |
San Jose Missions batting - Pitching for Santa Monica Bruins : RHP Martín Ortíz
|
Batting: RHB Ed Starr
|
0-0: Foul Ball, location: 2F 0-1: Ball 1-1: Foul Ball, location: 2F 1-2: Ball 2-2: Ball 3-2: SINGLE (Line Drive, 4M)
|
Batting: RHB Dale Taylor
|
0-0: Called Strike 0-1: Grounds into double play, 6-4-3 (Groundball, 6)
|
Batting: RHB Bob Orr
|
0-0: Called Strike 0-1: Foul Ball, location: 2F 0-2: Ball 1-2: Ground out 4-3 (Groundball, 4)
|
Bottom of the 6th over - 0 run(s), 1 hit(s), 0 error(s), 0 left on base; Santa Monica 2 - San Jose 2 |
TOP OF THE 7TH |
Santa Monica Bruins batting - Pitching for San Jose Missions : RHP Luis Ortíz
|
Pinch Hitting: LHB Noriaki Sangi
|
0-0: Called Strike 0-1: Ball 1-1: Fly out, F7 (Flyball, 7LSF)
|
Pinch Hitting: SHB Ray Burgess
|
0-0: Called Strike 0-1: Ball 1-1: Ball 2-1: Ball 3-1: Base on Balls
|
Pitching: RHP Micheal Wood
|
|
Batting: RHB Bonifacio Torres
|
0-0: Called Strike 0-1: SINGLE (Flyball, 9LS) Ray Burgess to second Runner from 2nd tries for 3rd, SAFE, throw made to third
|
Pinch Hitting: LHB Ray Bryant
|
0-0: Swinging Strike 0-1: Called Strike 0-2: Strikes out swinging
|
Batting: RHB Alfredo López
|
0-0: Called Strike 0-1: Ball 1-1: Fly out, F2 (Popup, 34S)
|
Top of the 7th over - 0 run(s), 1 hit(s), 0 error(s), 2 left on base; Santa Monica 2 - San Jose 2 |
BOTTOM OF THE 7TH |
San Jose Missions batting - Pitching for Santa Monica Bruins : RHP Martín Ortíz
|
Pitching: RHP Jorge Hernández
|
|
Now at 2B: Armando Colón
|
|
Now at SS: Ken Hernández
|
|
Now in RF: Ray Bryant
|
|
Batting: RHB Chang-geun Kim
|
0-0: Swinging Strike 0-1: Ball 1-1: Ground out 3-1 (Groundball, 34)
|
Batting: LHB Arturo Rivera
|
0-0: Called Strike 0-1: SINGLE (Groundball, 34D)
|
Batting: RHB Jorge Fuentes
|
0-0: Called Strike 0-1: Ball 1-1: Called Strike 1-2: Grounds into double play, 1-6-3 (Groundball, P)
|
Bottom of the 7th over - 0 run(s), 1 hit(s), 0 error(s), 0 left on base; Santa Monica 2 - San Jose 2 |
TOP OF THE 8TH |
Santa Monica Bruins batting - Pitching for San Jose Missions : RHP Micheal Wood
|
Batting: LHB Sammy Marshall
|
0-0: Called Strike 0-1: Foul Ball, location: 2F 0-2: Foul Ball, location: 2F 0-2: Foul Ball, location: 2F 0-2: Ball 1-2: Ball 2-2: DOUBLE (Line Drive, 8RXD)
|
Batting: RHB Luis Martínez
|
0-0: Ball 1-0: Swinging Strike 1-1: Foul Ball, location: 2F 1-2: Fly out, F8 (Flyball, 8LM)
|
Batting: LHB Morgan Wright
|
0-0: Intentional Walk
|
Batting: RHB Johnny Williams
|
0-0: Called Strike 0-1: Foul Ball, location: 2F 0-2: Grounds into double play, 5-4-3 (Groundball, 56)
|
Top of the 8th over - 0 run(s), 1 hit(s), 0 error(s), 1 left on base; Santa Monica 2 - San Jose 2 |
BOTTOM OF THE 8TH |
San Jose Missions batting - Pitching for Santa Monica Bruins : RHP Jorge Hernández
|
Pinch Hitting: RHB Sadao Kato
|
0-0: Ground out 1-3 (Groundball, 13)
|
Batting: LHB Wilson Vecino
|
0-0: Called Strike 0-1: Ball 1-1: Swinging Strike 1-2: Foul Ball, location: 2F 1-2: Ball 2-2: Strikes out swinging
|
Batting: LHB Phil Cantrell
|
0-0: Fly out, F8 (Flyball, 8LM)
|
Bottom of the 8th over - 0 run(s), 0 hit(s), 0 error(s), 0 left on base; Santa Monica 2 - San Jose 2 |
TOP OF THE 9TH |
Santa Monica Bruins batting - Pitching for San Jose Missions : RHP Micheal Wood
|
Pitching: RHP Paul Lewis
|
|
Now at SS: Bobby Brewster
|
|
Pinch Hitting: RHB Phil White
|
0-0: Foul Ball, location: 2F 0-1: Ball 1-1: Swinging Strike 1-2: Ball 2-2: Ball 3-2: Foul Ball, location: 2F 3-2: Strikes out looking
|
Batting: SHB Ken Hernández
|
0-0: Swinging Strike 0-1: Ball 1-1: Called Strike 1-2: DOUBLE (Line Drive, 78M)
|
Pinch Hitting: RHB Pablo Peńa
|
0-0: SINGLE (Line Drive, 7S) Ken Hernández to third Runner from 3rd tries for Home, SAFE, no throw
|
Batting: LHB Ray Bryant
|
0-0: 2-RUN HOME RUN (Flyball, 8RXD), Distance : 457 ft
|
Pitching: RHP Mark Bidwell
|
|
Batting: RHB Alfredo López
|
0-0: SINGLE (Groundball, 56S) (infield hit)
|
Batting: LHB Sammy Marshall
|
0-0: Ball 1-0: Ball 2-0: Fly out, F8 (Flyball, 8LD) Runner from 1st tags up, SAFE at 2nd
|
Batting: RHB Luis Martínez
|
0-0: Called Strike 0-1: SINGLE (Line Drive, 8LS) Alfredo López to third Runner from 3rd tries for Home, throw and OUT!
|
Top of the 9th over - 3 run(s), 5 hit(s), 0 error(s), 1 left on base; Santa Monica 5 - San Jose 2 |
BOTTOM OF THE 9TH |
San Jose Missions batting - Pitching for Santa Monica Bruins : RHP Jorge Hernández
|
Pitching: RHP Dave Riley
|
|
Now at C: Pablo Peńa
|
|
Now at 2B: Fletcher Reed
|
|
Now in LF: Francisco Castillo
|
|
Batting: RHB Ed Starr
|
0-0: Ball 1-0: Ball 2-0: Foul Ball, location: 2F 2-1: Ball 3-1: Ground out 6-3 (Groundball, 6)
|
Batting: RHB Dale Taylor
|
0-0: Ground out 6-3 (Groundball, 6)
|
Batting: RHB Bob Orr
|
0-0: Ball 1-0: Foul Ball, location: 2F 1-1: SINGLE (Groundball, 4) (infield hit)
|
Batting: RHB Chang-geun Kim
|
0-0: Ball 1-0: Ball 2-0: Called Strike 2-1: Ball 3-1: Fly out, F6 (Popup, 6MD)
|
Bottom of the 9th over - 0 run(s), 1 hit(s), 0 error(s), 1 left on base; Santa Monica 5 - San Jose 2 |
|